 Dungeon Crawl Stone Soup version 0.30.1-9-gdf580d7c3d (webtiles) character file.

Game seed: 15049027144331724879

143 Wizardman02 the Gusty (level 4, 0/33 HPs)
             Began as a Demigod Air Elementalist on Oct 1, 2023.
             Slain by Crazy Yiuf
             ... wielding a +2 quarterstaff of chaos
              (2 damage)
             ... on level 3 of the Dungeon.
             The game lasted 00:10:17 (2282 turns).

Wizardman02 the Gusty (Demigod Air Elementalist)    Turns: 2282, Time: 00:10:17

Health: 0/33       AC:  4    Str:  9    XL:     4   Next: 76%
Magic:  5/11       EV: 12    Int: 21    God:
Gold:   246        SH:  0    Dex: 14    Spells: 4/8 levels left

rFire   . . .        f - +2 falchion (holy)
rCold   . . .        (no shield)
rNeg    . . .        a - +0 robe
rPois   .            (no helmet)
rElec   .            c - +0 cloak
rCorr   .            k - +0 pair of gloves
SInv    .            (no boots)
Will    .....        (no amulet)
Stlth   ++           (no ring)
HPRegen 0.25/turn    (no ring)
MPRegen 0.12/turn

%: no passive effects
@: no status effects
A: high MP 1, forlorn, divine attributes
a: no special abilities


You were on level 3 of the Dungeon.
You visited 1 branch of the dungeon, and saw 4 of its levels.

You collected 246 gold pieces.

Inventory:

Hand Weapons
 d - a +0 dagger
 f - a +2 falchion of holy wrath (weapon)
Missiles
 e - 22 stones
Armour
 a - a +0 robe (worn)
 c - a +0 cloak (worn)
 k - a +0 pair of gloves (worn)
Wands
 h - a wand of flame (23)
Scrolls
 g - 3 scrolls of teleportation
 i - a scroll of acquirement {unknown}
 j - a scroll of butterflies
 l - 3 scrolls of identify
Potions
 b - a potion of magic
 m - a potion of lignification {unknown}
 n - a potion of flight
 o - a potion of curing {unknown}


   Skills:
 - Level 0.2 Fighting
 - Level 0.5 Long Blades
 - Level 2.2 Dodging
 - Level 1.9 Stealth
 + Level 2.8 Spellcasting
 + Level 1.9 Conjurations
 + Level 3.7 Air Magic


You had 4 spell levels left.
You knew the following spells:

 Your Spells              Type           Power      Damage    Failure   Level
a - Shock                 Conj/Air       56%        1d6       4%          1
b - Swiftness             Air            18%        N/A       9%          3

Your spell library contained the following spells:

 Spells                   Type           Power      Damage    Failure   Level
 Static Discharge         Conj/Air       28%        2-4/arc   6%          2
 Airstrike                Air            9%         2d(2-18)  28%         4
 Ignite Poison            Fire/Tmut/Pois 2%         N/A       38%         3
 Sticky Flame             Conj/Fire      7%         2d3       65%         4
 Ignition                 Fire           1%         3d3       100%        8


Dungeon Overview and Level Annotations

Branches:
Dungeon (4/15)
 Temple: D:4-7

Shops:
D:2 :

Annotations:
D:3 Crazy Yiuf, Sigmund


Innate Abilities, Weirdness & Mutations

You have an increased reservoir of magic. (+10% MP)
You shall have no god before yourself.
Your divine heritage dramatically boosts your attributes as you level up.


Message History

Press: ? - help, Shift-Dir - straight line, f/p - Crazy Yiuf
Aim: Crazy Yiuf, wielding a +2 quarterstaff of chaos and wearing a +2 cloak (75% to hit)
The zap hits Crazy Yiuf.
Crazy Yiuf is lightly wounded.
Crazy Yiuf yells, "Buddy sizzlefizz shoe!"
Crazy Yiuf barely misses you.
Casting: Shock (safe; 4% risk of failure)
Confirm with . or Enter, or press ? or * to list all spells.
Aiming: Shock (safe; 4% risk of failure)
Press: ? - help, Shift-Dir - straight line, f/p - Crazy Yiuf
Aim: Crazy Yiuf, wielding a +2 quarterstaff of chaos and wearing a +2 cloak (lightly wounded, 75% to hit)
The zap misses Crazy Yiuf.
Crazy Yiuf says, "Castle!
Island fast dark."
Crazy Yiuf hits you with a +2 quarterstaff of chaos!
Casting: Shock (safe; 4% risk of failure)
Confirm with . or Enter, or press ? or * to list all spells.
Aiming: Shock (safe; 4% risk of failure)
Press: ? - help, Shift-Dir - straight line, f/p - Crazy Yiuf
Aim: Crazy Yiuf, wielding a +2 quarterstaff of chaos and wearing a +2 cloak (lightly wounded, 75% to hit)
The zap hits Crazy Yiuf but does no damage.
Crazy Yiuf is lightly wounded.
Crazy Yiuf hits you with a +2 quarterstaff of chaos!
Crazy Yiuf freezes you.
Casting: Shock (safe; 4% risk of failure)
Confirm with . or Enter, or press ? or * to list all spells.
Aiming: Shock (safe; 4% risk of failure)
Press: ? - help, Shift-Dir - straight line, f/p - Crazy Yiuf
Aim: Crazy Yiuf, wielding a +2 quarterstaff of chaos and wearing a +2 cloak (lightly wounded, 75% to hit)
The zap hits Crazy Yiuf.
Crazy Yiuf is moderately wounded.
Crazy Yiuf hits you with a +2 quarterstaff of chaos.
* * * LOW HITPOINT WARNING * * *
Crazy Yiuf freezes you.
* * * LOW HITPOINT WARNING * * *
You completely miss Crazy Yiuf.
Crazy Yiuf is moderately wounded.
Crazy Yiuf hits you with a +2 quarterstaff of chaos.
* * * LOW HITPOINT WARNING * * *
Crazy Yiuf burns you.
You die...

.#..... #...#.
###... ##### #..#
#)..# #.. #...# #.#
... #. #g# ♣@♣♣ #.#
♣♣.♣ #.# ♣.♣♣ #.#
♣♣.♣ #.# ♣♣.♣♣
###.## ♣♣...♣
####...(. ♣....♣
##)....... #....#
#..##<...>
#+..+#####.########


You could see Crazy Yiuf.

Vanquished Creatures
  An orc wizard (D:3)
  A gnoll (D:1)
  3 adders (D:2)
  6 orcs (D:3)
  A ball python (D:1)
  6 bats
  4 endoplasms
  3 giant cockroaches
  10 hobgoblins
  5 jackals
  3 quokkas
  2 frilled lizards
  13 goblins
  5 kobolds
  3 rats
66 creatures vanquished.

Notes
Turn   | Place    | Note
-------+----------+-------------------------------------------
     0 | D:1      | Wizardman02 the Demigod Air Elementalist began the quest
                  | for the Orb.
     0 | D:1      | Reached XP level 1. HP: 14/14 MP: 5/5
   395 | D:2      | Reached skill level 3 in Air Magic
   395 | D:2      | Reached XP level 2. HP: 20/20 MP: 1/7
   416 | D:2      | Reached skill level 1 in Conjurations
   520 | D:1      | Reached XP level 3. HP: 26/26 MP: 0/8
  1554 | D:2      | Reached XP level 4. HP: 33/33 MP: 5/10
  1558 | D:2      | Learned a level 3 spell: Swiftness
  1653 | D:2      | Found Coklor's Book Boutique.
  2122 | D:3      | Noticed Sigmund
  2132 | D:3      | Noticed a black bear
  2271 | D:3      | Found a runed translucent door.
  2272 | D:3      | Noticed Crazy Yiuf
  2282 | D:3      | Slain by Crazy Yiuf

Illustrated notes

Levels and vault maps discovered:
D:1:      dpeg_arrival_more_subterranean_lakeside_camping, layout_basic,
          serial_bayou_lagoon_a, minmay_pentomino_x4
D:2:      layout_rooms, serial_shops, nicolae_shop_stone, basic_altar,
          nrook_mini_backslash, minmay_cut_off
D:3:      cheibrodos_greedy_goblins, layout_rooms, mainiacjoe_overflow_paths,
          nicolae_hepliaklqana_hazy_memory, zin_treasury, serial_shops, shop,
          uniq_sigmund, uniq_crazy_yiuf_cottage
D:4:      layout_cave_pools, tgw_trog, mainiacjoe_overflow_alcove_4,
          serial_shops, nicolae_shop_stone

Skill      XL: |  1  2 |
---------------+-------+-----
Dodging        | 2 |  2.2
Air Magic      | 3 |  3.7
Spellcasting   | 2 |  2.8
Conjurations   | 1 |  1.9
Fighting       | |  0.2
Long Blades    | |  0.5
Stealth        | |  1.9

Action                     |  1- 3 |  4- 6 || total
---------------------------+-------+-------++-------
  Melee: Falchion          |    27 |    10 ||    37
   Cast: Shock             |    81 |    41 ||   122
         Swiftness         |       |     1 ||     1
    Use: Scroll            |     5 |     1 ||     6
   Stab: Sleeping          |     1 |       ||     1
 Armour: Robe              |    10 |     9 ||    19
  Dodge: Dodged            |    33 |    20 ||    53
